[Event "WCh U20"]
[Site "Pune"]
[Date "2014.10.16"]
[Round "10"]
[White "Koksal, Ege"]
[Black "Kovalev, Vladislav"]
[Result "0-1"]
[ECO "D02"]
[WhiteElo "2321"]
[BlackElo "2548"]
[Annotator "Doe,John"]
[PlyCount "80"]
[EventDate "2014.10.06"]
[EventType "swiss"]
[EventRounds "13"]
[EventCountry "IND"]
[TimeControl "6000+1195"]
[WhiteClock "0:21:58"]
[BlackClock "0:05:05"]

1. d4 Nf6 2. Nf3 g6 3. g3 Bg7 4. Bg2 O-O 5. O-O d5 6. Bf4 c5 7. c3 Qb6 8. Qb3
Nc6 9. Nbd2 cxd4 10. Qxb6 axb6 11. cxd4 h6 12. Be5 Bf5 13. a3 Nxe5 14. Nxe5 Nd7
15. Nxd7 Bxd7 16. e3 e6 17. Rfc1 Rfc8 18. Nb3 Rc6 19. Bf1 Rac8 20. a4 Rxc1 21.
Nxc1 e5 22. dxe5 Bxe5 23. Nd3 Bg7 24. Bg2 d4 25. exd4 Bxd4 26. Bxb7 Rc2 27. a5
bxa5 28. Rxa5 Rd2 29. Be4 Bh3 30. Ra1 g5 31. Kh1 Kg7 32. Ne1 Rxf2 33. Bg2 Bg4
34. Rb1 Re2 35. b3 Bf5 36. Rd1 Bc3 37. Nf3 Be4 38. g4 Rf2 39. Nh4 Bc2 40. Nf5+
Rxf5 0-1

[Event "WCh U20"]
[Site "Pune"]
[Date "2014.10.16"]
[Round "10"]
[White "Abasov, Nijat"]
[Black "Puranik, Abhimanyu"]
[Result "1-0"]
[ECO "D85"]
[WhiteElo "2528"]
[BlackElo "2287"]
[Annotator "Doe,John"]
[PlyCount "191"]
[EventDate "2014.10.06"]
[EventType "swiss"]
[EventRounds "13"]
[EventCountry "IND"]
[TimeControl "6000+1300"]
[WhiteClock "0:03:05"]
[BlackClock "0:02:27"]

1. d4 Nf6 2. c4 g6 3. Nc3 d5 4. cxd5 Nxd5 5. Bd2 Bg7 6. e4 Nb6 7. Be3 O-O 8. h3
e5 9. dxe5 Bxe5 10. Nf3 Bg7 11. Qc2 Nc6 12. Rd1 Qe7 13. Be2 Be6 14. O-O Rfd8
15. Nb5 Rxd1 16. Rxd1 Rd8 17. Rc1 Rd7 18. a3 h6 19. b4 Qd8 20. Bf4 a6 21. Nxc7
Rxc7 22. Bxc7 Qxc7 23. Bxa6 Qf4 24. Bxb7 Ne5 25. Ne1 Nec4 26. Rd1 Nxa3 27. Qc6
Nac4 28. Nd3 Qg5 29. Qc5 Qf6 30. Qc7 Qd4 31. Qc5 Qd7 32. Bc6 Qa7 33. Nf4 Qb8
34. Nxe6 fxe6 35. Bb5 Bf8 36. Qc6 Nd6 37. Be2 Kf7 38. Rd3 e5 39. Bd1 Kg7 40.
Bb3 h5 41. b5 Kh6 42. Qc5 Ndc4 43. Qc6 Nd6 44. Rf3 Be7 45. Be6 h4 46. Rd3 Ne8
47. Bb3 Nd6 48. Rd1 Kh7 49. Kh1 Kh6 50. f4 Nbc8 51. Qd5 Qxb5 52. Qg8 Bf6 53.
Qf8+ Bg7 54. Qd8 exf4 55. Qxh4+ Qh5 56. Qxf4+ Qg5 57. Qf3 Be5 58. Rd5 Qf4 59.
Qxf4+ Bxf4 60. e5 Nf5 61. g4 Ne3 62. Rd4 g5 63. e6 Kg6 64. Kg1 Kf6 65. Kf2 Nd6
66. Rb4 Ke5 67. Ra4 Kf6 68. Ke2 Nb7 69. e7 Nd6 70. Re4 Ne8 71. Ba4 Nd5 72. Kf3
Ndc7 73. h4 Bd6 74. h5 Bxe7 75. h6 Nd6 76. h7 Nf7 77. Bb3 Nh8 78. Rc4 Bd6 79.
Rc6 Ke5 80. Rb6 Be7 81. Rb7 Kd6 82. Ke4 Kd7 83. Rb8 Bd8 84. Kf5 Na6 85. Rb5 Nc7
86. Re5 Be7 87. Ba4+ Kd8 88. Re2 Na6 89. Rd2+ Kc8 90. Ke6 Bf8 91. Kf6 Nc5 92.
Bc2 Nd7+ 93. Kxg5 Ne5 94. Bf5+ Kc7 95. Kf6 Nef7 96. Rd7+ 1-0

[Event "WCh U20"]
[Site "Pune"]
[Date "2014.10.16"]
[Round "10"]
[White "Kantans, Toms"]
[Black "Sahoo, Utkal Ranjan"]
[Result "1/2-1/2"]
[ECO "E01"]
[WhiteElo "2485"]
[BlackElo "2170"]
[Annotator "Doe,John"]
[PlyCount "131"]
[EventDate "2014.10.06"]
[EventType "swiss"]
[EventRounds "13"]
[EventCountry "IND"]
[TimeControl "6000+1050"]
[WhiteClock "0:27:09"]
[BlackClock "0:07:00"]

1. c4 Nf6 2. g3 e6 3. Bg2 d5 4. Nf3 Nbd7 5. b3 Bd6 6. Bb2 O-O 7. O-O c6 8. d4
Ne4 9. Nfd2 Nxd2 10. Nxd2 f5 11. a3 Nf6 12. b4 Qe8 13. e3 Bd7 14. Qb3 Ne4 15.
Nxe4 fxe4 16. f3 exf3 17. Bxf3 Qg6 18. Bg2 Qg5 19. Rfe1 Qf6 20. Re2 Be8 21. Rf1
Qg5 22. Rxf8+ Bxf8 23. e4 Bf7 24. Rf2 Rd8 25. Qc3 Bg6 26. Bc1 Qe7 27. Re2 dxe4
28. Bxe4 Bxe4 29. Rxe4 Qf6 30. Qe3 c5 31. Bb2 cxd4 32. Rxd4 Re8 33. Rd2 Qf5 34.
Rf2 Qb1+ 35. Kg2 a5 36. Qf3 Qg6 37. Qxb7 axb4 38. axb4 Rd8 39. Be5 h5 40. h4
Bxb4 41. Bc7 Rd2 42. Bb6 Rd3 43. Bc7 Rd2 44. Rxd2 Bxd2 45. Qa8+ Kh7 46. Qf3 Bh6
47. Qe2 Qf5 48. Be5 g6 49. c5 Bg7 50. Bxg7 Qd5+ 51. Qf3 Qd2+ 52. Kh3 Kxg7 53.
Qb7+ Kf6 54. c6 Qd5 55. Qb2+ Ke7 56. Qb4+ Ke8 57. Qb8+ Ke7 58. Qa7+ Ke8 59.
Qa8+ Kf7 60. Qb7+ Ke8 61. Qb8+ Ke7 62. Qc7+ Ke8 63. Kh2 Qd2+ 64. Kg1 Qe1+ 65.
Kg2 Qe2+ 66. Kg1 1/2-1/2

[Event "WCh U20"]
[Site "Pune"]
[Date "2014.10.16"]
[Round "10"]
[White "Borisenko, Viacheslav"]
[Black "Anurag, Mhamal"]
[Result "0-1"]
[ECO "B22"]
[WhiteElo "2316"]
[BlackElo "2442"]
[Annotator "Doe,John"]
[PlyCount "88"]
[EventDate "2014.10.06"]
[EventType "swiss"]
[EventRounds "13"]
[EventCountry "IND"]
[TimeControl "6000+1935"]
[WhiteClock "0:01:30"]
[BlackClock "0:02:03"]

1. e4 c5 2. Nf3 e6 3. c3 Nf6 4. e5 Nd5 5. d4 cxd4 6. cxd4 d6 7. Bc4 Nb6 8. Bd3
Nc6 9. a3 dxe5 10. dxe5 Nd7 11. Bf4 Qa5+ 12. Qd2 Bb4 13. axb4 Qxa1 14. b5 Ne7
15. O-O Qa4 16. Rc1 Nb6 17. Bg3 Bd7 18. Qg5 Ng6 19. h4 Rc8 20. Rxc8+ Nxc8 21.
Qc1 Nge7 22. Nc3 Qb4 23. Ne4 Bxb5 24. Nd6+ Nxd6 25. exd6 Nc6 26. d7+ Kxd7 27.
Bxb5 Qxb5 28. Qf4 Ke8 29. Ng5 Nd8 30. Ne4 Qc6 31. Nd6+ Kf8 32. h5 Qd5 33. f3 e5
34. Qxe5 Qxe5 35. Bxe5 f6 36. Bc3 Ke7 37. Ne4 Nf7 38. Bb4+ Ke6 39. Kf2 Rc8 40.
Bc3 Nd6 41. Nxd6 Kxd6 42. h6 Rxc3 43. bxc3 gxh6 44. Ke3 Ke5 0-1

[Event "WCh U20"]
[Site "Pune"]
[Date "2014.10.16"]
[Round "10"]
[White "Gahan, M.G."]
[Black "Ben Artzi, Ido"]
[Result "1-0"]
[ECO "B07"]
[WhiteElo "2252"]
[BlackElo "2423"]
[Annotator "Doe,John"]
[PlyCount "97"]
[EventDate "2014.10.06"]
[EventType "swiss"]
[EventRounds "13"]
[EventCountry "IND"]
[TimeControl "6000+1045"]
[WhiteClock "0:16:38"]
[BlackClock "0:10:55"]

1. e4 d6 2. d4 Nf6 3. Nc3 g6 4. Be3 c6 5. h3 Bg7 6. Qd2 Nbd7 7. g4 b5 8. Bg2
Nb6 9. b3 Bb7 10. Nge2 Qc7 11. Ng3 a6 12. Nce2 c5 13. c3 O-O 14. Bh6 Bxh6 15.
Qxh6 cxd4 16. cxd4 Qc2 17. Qf4 Nbd7 18. g5 e5 19. Qe3 Ne8 20. O-O Rc8 21. h4
Ng7 22. Bh3 Rfd8 23. d5 Qc5 24. Qf3 Qa3 25. Qd3 Nc5 26. Qd2 Rc7 27. Rac1 b4 28.
f4 exf4 29. Qxf4 Qa5 30. Qf6 Rb8 31. Rc2 Ne8 32. Qf3 Qb6 33. Kg2 Bc8 34. Nd4
Bxh3+ 35. Kxh3 Rbb7 36. h5 Rd7 37. Nc6 Qb5 38. Rc4 a5 39. Ne2 Qb6 40. Ned4 Ng7
41. h6 Ne8 42. e5 dxe5 43. Nxe5 Rdc7 44. Ndc6 Na6 45. Ng4 f5 46. gxf6 Nd6 47.
Qe2 Rf7 48. Ne7+ Kh8 49. Rc6 1-0

[Event "WCh U20"]
[Site "Pune"]
[Date "2014.10.16"]
[Round "10"]
[White "Gagare, Shardul"]
[Black "Yogesh, Gautam"]
[Result "1/2-1/2"]
[ECO "D37"]
[WhiteElo "2419"]
[BlackElo "2144"]
[Annotator "Doe,John"]
[PlyCount "60"]
[EventDate "2014.10.06"]
[EventType "swiss"]
[EventRounds "13"]
[EventCountry "IND"]
[TimeControl "6000+1025"]
[WhiteClock "0:00:38"]
[BlackClock "0:13:02"]

1. d4 d5 2. c4 e6 3. Nf3 Nf6 4. Nc3 Be7 5. Bf4 O-O 6. e3 c5 7. dxc5 Bxc5 8. Qc2
Qe7 9. a3 a6 10. Rd1 Rd8 11. Bg5 dxc4 12. Rxd8+ Qxd8 13. Bxc4 Nbd7 14. O-O h6
15. Bh4 b5 16. Bd3 Bb7 17. Rd1 Qb6 18. Ne4 Be7 19. Nxf6+ Nxf6 20. e4 Rd8 21.
Rd2 Rc8 22. Qb1 Bxe4 23. Bxe4 Nxe4 24. Bxe7 Nxd2 25. Nxd2 f6 26. b4 Qd4 27. Nf1
Rc3 28. Bc5 Qc4 29. Be3 Rxa3 30. Bd2 Qd4 1/2-1/2

[Event "WCh U20"]
[Site "Pune"]
[Date "2014.10.16"]
[Round "10"]
[White "Chakravarthi Reddy, M."]
[Black "Vignesh, Nr"]
[Result "1/2-1/2"]
[ECO "D11"]
[WhiteElo "2217"]
[BlackElo "2387"]
[Annotator "Doe,John"]
[PlyCount "96"]
[EventDate "2014.10.06"]
[EventType "swiss"]
[EventRounds "13"]
[EventCountry "IND"]
[TimeControl "6000+1560"]
[WhiteClock "0:08:55"]
[BlackClock "0:09:04"]

1. d4 Nf6 2. Nf3 d5 3. g3 c6 4. Bg2 Bf5 5. O-O e6 6. c4 Nbd7 7. Nc3 h6 8. Nd2
Be7 9. e4 dxe4 10. Ndxe4 O-O 11. Be3 Nxe4 12. Nxe4 Nf6 13. Nxf6+ Bxf6 14. Qb3
Qb6 15. d5 c5 16. dxe6 fxe6 17. Rad1 Rf7 18. Qxb6 axb6 19. Rd6 Bxb2 20. Rxb6
Bd4 21. Rd6 Bxe3 22. fxe3 Rxa2 23. g4 Bg6 24. Rxe6 Rxf1+ 25. Bxf1 Bf7 26. Rb6
Rc2 27. Rxb7 Bxc4 28. Bxc4+ Rxc4 29. h3 Rc2 30. Rc7 c4 31. e4 Kf8 32. e5 c3 33.
e6 Ke8 34. e7 Kf7 35. Kh1 Re2 36. Rxc3 Kxe7 37. Rf3 Ke6 38. Kg1 Ke5 39. Rf5+
Ke4 40. Rf7 Ra2 41. Rxg7 Kf3 42. Rg6 Ra1+ 43. Kh2 Ra2+ 44. Kg1 Ra1+ 45. Kh2
Ra2+ 46. Kg1 Kg3 47. Kf1 Kxh3 48. Rxh6+ Kxg4 1/2-1/2

[Event "WCh U20"]
[Site "Pune"]
[Date "2014.10.16"]
[Round "10"]
[White "Rajdeep, Sarkar"]
[Black "Prince, Bajaj"]
[Result "1-0"]
[ECO "A46"]
[WhiteElo "2145"]
[BlackElo "2369"]
[Annotator "Doe,John"]
[PlyCount "181"]
[EventDate "2014.10.06"]
[EventType "swiss"]
[EventRounds "13"]
[EventCountry "IND"]
[TimeControl "6000+1220"]
[WhiteClock "0:19:31"]
[BlackClock "0:03:02"]

1. d4 Nf6 2. Nf3 e6 3. g3 d5 4. Bg2 b5 5. O-O c5 6. c3 Nc6 7. Nbd2 Bb7 8. a4 b4
9. cxb4 cxb4 10. Nb3 Be7 11. Bg5 O-O 12. Rc1 Rc8 13. Bxf6 Bxf6 14. Nc5 Qe7 15.
e3 Ba8 16. Qd2 g5 17. Qe2 Bg7 18. Rc2 g4 19. Ne1 e5 20. dxe5 Nxe5 21. Ncd3 Rxc2
22. Qxc2 Nc4 23. Qe2 d4 24. b3 Bxg2 25. Nxg2 Na5 26. Qxg4 Nxb3 27. Rb1 Nd2 28.
Rxb4 f5 29. Qe2 a5 30. Rb5 Ne4 31. Ndf4 Qc7 32. Nd5 Qc1+ 33. Qe1 Qc2 34. exd4
Qxa4 35. Rxa5 Qd7 36. Qd1 Kh8 37. Ngf4 Qb7 38. Ne3 Qb2 39. Qe2 Qb1+ 40. Kg2 Nc3
41. Qd3 Qxd3 42. Nxd3 Bxd4 43. Rxf5 Ra8 44. Ng4 Bg7 45. Nf4 Ne4 46. Ne6 Bc3 47.
Rf7 Re8 48. Nc7 Rc8 49. Nd5 Bg7 50. Ndf6 Nxf6 51. Nxf6 h6 52. Nh5 Bf8 53. Nf4
Kg8 54. Rd7 Ra8 55. Ne6 Ba3 56. Rd8+ Rxd8 57. Nxd8 Kg7 58. Kf3 Kf6 59. Ke4 h5
60. h3 Bb4 61. f4 Be1 62. g4 hxg4 63. hxg4 Bc3 64. Nc6 Bb2 65. Ne5 Ke6 66. g5
Bc1 67. f5+ Ke7 68. Nf3 Kf7 69. Ke5 Bb2+ 70. Nd4 Bc3 71. Ke4 Bd2 72. Ne6 Bc3
73. Kf4 Bd2+ 74. Kg4 Bc3 75. Kh5 Bd2 76. Nd4 Bc3 77. Nf3 Bb2 78. Nh2 Bc3 79.
Ng4 Bg7 80. f6 Bf8 81. Nh6+ Ke6 82. Kg6 Bb4 83. Nf5 Bd2 84. Ng7+ Kd7 85. Kf5
Bc1 86. g6 Bh6 87. Ne6 Ke8 88. f7+ Ke7 89. f8=Q+ Bxf8 90. Nxf8 Kxf8 91. Kf6 1-0